 Dungeon Crawl Stone Soup version 0.19.5 (webtiles) character file.

195 tof the Cudgeler (level 5, -1/41 HPs)
             Began as a Demonspawn Gladiator on Mar 8, 2017.
             Slain by an ogre
             ... wielding a +0 giant club
              (15 damage)
             ... on level 3 of the Dungeon.
             The game lasted 00:09:19 (4072 turns).

tof the Cudgeler (Demonspawn Gladiator)             Turns: 4072, Time: 00:09:20

Health: -1/41      AC:  9    Str: 15    XL:     5   Next: 45%
Magic:  5/5        EV:  9    Int:  9    God:
Gold:   170        SH:  0    Dex: 15    Spells: 0 memorised, 4 levels left

rFire  . . .     SeeInvis +     a - +0 morningstar
rCold  . . .     Gourm    .     A - +0 chain mail
rNeg   . . .     Faith    .     (no shield)
rPois  .         Spirit   .     c - +0 helmet
rElec  .         Reflect  .     (no cloak)
rCorr  +         Harm     .     (no gloves)
MR     .....                    (no boots)
Stlth  ..........               j - amulet of magic regeneration
                                w - +2 ring of evasion
                                h - ring of resist corrosion

@: no status effects
A: talons 1, see invisible
a: no special abilities


You were on level 3 of the Dungeon.
You were not hungry.

You visited 1 branch of the dungeon, and saw 4 of its levels.

You collected 170 gold pieces.

Inventory:

Hand Weapons
 a - a +0 morningstar (weapon)
 b - a +1 blowgun
 y - a -1 hand axe
 C - a +0 flail
Missiles
 d - 3 throwing nets
 g - 6 javelins
 p - 14 sling bullets
 t - 18 poisoned needles
 x - 8 needles of confusion
 z - 4 tomahawks (quivered)
 D - 3 tomahawks of returning
Armour
 c - a +0 helmet (worn)
 u - a +0 ring mail
 A - a +0 chain mail (worn)
Jewellery
 h - a ring of resist corrosion (left hand)
 j - an amulet of magic regeneration (around neck)
 w - a +2 ring of evasion (right hand)
Scrolls
 e - a scroll of random uselessness {unknown}
 i - a scroll of noise {unknown}
 k - a scroll of identify {unknown}
 n - 2 scrolls of fog {unknown}
 o - 2 scrolls of amnesia {unknown}
 q - 2 scrolls of enchant weapon
 v - a scroll of remove curse
Potions
 r - a potion of brilliance
 s - a potion of flight
Comestibles
 f - a bread ration
 l - 2 meat rations
 m - 2 slices of pizza


   Skills:
 * Level 3.2 Fighting
 * Level 3.8 Maces & Flails
 + Level 2.4 Throwing
 + Level 1.8 Armour
 + Level 3.3 Dodging


You had 4 spell levels left.
You didn't know any spells.

Dungeon Overview and Level Annotations

Branches:
Dungeon (4/15)
 Temple: D:4-7

Altars:
Elyvilon
Xom
Zin
The Shining One


Innate Abilities, Weirdness & Mutations

You have sharp toenails.
You have supernaturally acute eyesight. (SInv)


Message History

You climb downwards.
The ogre barely misses you.
There is a stone staircase leading up here.
You barely miss the ogre. You claw the ogre, but do no damage.
The ogre hits you with a giant club!
You hit the ogre.
The ogre is lightly wounded.
The ogre barely misses you.
You completely miss the ogre. You claw the ogre, but do no damage.
The ogre is lightly wounded.
The ogre hits you with a giant club.
You puncture the ogre! Your kick misses the ogre.
The ogre is moderately wounded.
The ogre hits you with a giant club!
You hit the ogre.
The ogre is heavily wounded.
The ogre hits you with a giant club.
You sock the ogre! You claw the ogre.
The ogre is almost dead.
The ogre hits you with a giant club!
You die...

#.# #.# #.# ##.# #.#
#># #..# #.# #.# #.##
#.# #.# #.#
#################.###.#
#.#
#.....................#
#.#
#.########.##.###.#####
#.# #.#.....##.##.#...#
##รท#
#.#.###.##@##.#.###
##.# #.#.# #....O....#
##.####.#.######.##.###
.................##.#
#######.)....>......#
###############


You could see an ogre.

Vanquished Creatures
  An orc priest (D:3)
  Terence (D:2)
  An orc wizard (D:3)
  An adder (D:3)
  3 oozes
  2 worms
  3 dart slugs
  3 leopard geckos
  11 orcs (D:3)
  2 ball pythons (D:3)
  3 giant cockroaches
  6 goblins
  8 hobgoblins
  3 jackals (D:3)
  6 bats
  2 frilled lizards
  9 kobolds
  8 rats
73 creatures vanquished.

Notes
Turn   | Place    | Note
-------+----------+-------------------------------------------
     0 | D:1      | tof the Demonspawn Gladiator began the quest for the Orb.
     0 | D:1      | Reached XP level 1. HP: 16/16 MP: 1/1
   376 | D:1      | Gained mutation: You have sharp toenails. [demonic ancestry]
   376 | D:1      | Reached XP level 2. HP: 20/22 MP: 2/2
   758 | D:1      | Reached skill level 1 in Armour
   942 | D:1      | Reached XP level 3. HP: 28/28 MP: 3/3
  1571 | D:2      | Noticed Terence
  1594 | D:2      | Killed Terence
  1917 | D:2      | Reached XP level 4. HP: 34/34 MP: 4/4
  2019 | D:2      | Found a faded altar of an unknown god.
  2159 | D:2      | Found a glowing golden altar of the Shining One.
  2417 | D:3      | HP: 1/34 [poisoned by a kobold]
  2989 | D:3      | Gained mutation: You have supernaturally acute eyesight. (SInv) [potion of beneficial mutation]
  3005 | D:3      | Reached XP level 5. HP: 32/41 MP: 5/5
  3202 | D:3      | Found a white marble altar of Elyvilon.
  3202 | D:3      | Found a glowing silver altar of Zin.
  3203 | D:3      | Found a glowing golden altar of the Shining One.
  3601 | D:3      | Found a shimmering altar of Xom.
  3715 | D:4      | Noticed an ogre
  3768 | D:3      | HP: 2/41 [ogre/giant club (18)]
  4072 | D:3      | Slain by an ogre

Skill      XL: |  1  2  3  4 |
---------------+-------------+-----
Maces & Flails | 3 |  3.8
Armour         | 1 |  1.8
Throwing       | 2 |  2.4
Dodging        | 3 |  3.3
Fighting       | 3 |  3.2

Action                   |  1- 3 |  4- 6 || total
-------------------------+-------+-------++-------
Melee: Flail             |   109 |   113 ||   222
       Kick              |    20 |    45 ||    65
       Morningstar       |       |    40 ||    40
 Fire: Blowgun           |       |     7 ||     7
  Use: Potion            |     6 |     3 ||     9
       Scroll            |       |     2 ||     2
 Stab: Distracted        |     1 |       ||     1
  Eat: Chunk             |     3 |     7 ||    10
Armor: Leather armour    |    11 |       ||    11
       Ring mail         |    10 |     8 ||    18
       Chain mail        |       |    65 ||    65
Dodge: Dodged            |    71 |    76 ||   147
